 Dungeon Crawl Stone Soup version 0.31-a0-221-gbddc013574 (webtiles) character file.

Game seed: 3253127334535031837

111 qw the Shooter (level 4, 0/26 HPs)
             Began as a Gargoyle Hexslinger on July 3, 2023.
             Slain by a wight
             ... wielding a +0 short sword
              (6 damage)
             ... on level 3 of the Dungeon.
             The game lasted 00:02:47 (1497 turns).

qw the Shooter (Gargoyle Hexslinger)                Turns: 1497, Time: 00:02:48

Health: 0/26       AC:  9    Str: 11    XL:     4   Next: 92%
Magic:  5/5        EV: 11    Int: 14    God:
Gold:   92         SH:  0    Dex: 14    Spells: 4/5 levels left

rFire   . . .        Y - +2 sling
rCold   . . .        (no shield)
rNeg    + . .        g - +0 leather armour
rPois   inf          (no helmet)
rElec   +            i - +2 cloak {Stlth+}
rCorr   .            (no gloves)
SInv    .            (no boots)
Will    .....        (no amulet)
Stlth   ++           (no ring)
HPRegen 0.24/turn    (no ring)
MPRegen 0.09/turn

%: no passive effects
@: no status effects
A: sickness immunity, AC +3, negative energy resistance 1, electricity
resistance, torment resistance 1, petrification resistance
a: no special abilities


You were on level 3 of the Dungeon.
You visited 1 branch of the dungeon, and saw 3 of its levels.

You collected 92 gold pieces.


Innate Abilities, Weirdness & Mutations

You are immune to sickness and miasma.
Your stone body is resilient. (AC +3)
You are immune to poison.
You resist negative energy. (rN+)
You are resistant to electric shocks. (rElec)
You are resistant to unholy torment.
You are immune to petrification.


   Skills:
 - Level 2.3 Fighting
 + Level 4.5 Ranged Weapons
 - Level 1.5 Dodging
 - Level 1.0 Spellcasting
 - Level 2.6 Hexes


You had 4 spell levels left.
You knew the following spells:

 Your Spells              Type           Power      Damage    Failure   Level
a - Slow                  Hex            32%        N/A       12%         1

Your spell library contained the following spells:

 Spells                   Type           Power      Damage    Failure   Level
 Inner Flame              Hex/Fire       4%         N/A       52%         3
 Portal Projectile        Hex/Tloc       8%         N/A       52%         3
 Cause Fear               Hex            4%         N/A       75%         4

Inventory:

Hand Weapons
 Y - a +2 sling (weapon)
Armour
 g - a +0 leather armour (worn)
 i - a +2 cloak of stealth (worn)
Jewellery
 h - a ring of fire
Potions
 d - a potion of mutation {unknown}
 f - a potion of attraction {unknown}
 j - a potion of lignification {unknown}
 k - a potion of enlightenment {unknown}

Dungeon Overview and Level Annotations

Branches:
Dungeon (3/15)

Altars:

Shops:
D:3 *


Message History

1485 ||| Stepping randomly (stuck).
A wight comes into view. It is wielding a +0 short sword.
You shoot a sling bullet.
The sling bullet hits the wight but does no damage.
You shoot a sling bullet.
The sling bullet hits the wight but does no damage.
A wight comes into view.
It is wielding a +0 falchion and wearing a +0 robe of fire resistance.
You shoot a sling bullet. The sling bullet hits the wight.
The wight is lightly damaged.
You shoot a sling bullet.
The sling bullet barely misses the wight.
You shoot a sling bullet.
The sling bullet barely misses the wight.
You shoot a sling bullet.
The sling bullet barely misses the wight.
The wight misses you.
You shoot a sling bullet.
The sling bullet closely misses the wight.
The sling bullet hits the wight but does no damage.
The wight is lightly damaged.
The wight hits you with a +0 short sword.
You shoot a sling bullet.
The sling bullet closely misses the wight.
The wight hits you with a +0 falchion. The wight hits you but does no damage.
The wight closely misses you. The wight hits you but does no damage.
You shoot a sling bullet. The sling bullet hits the wight.
The wight is heavily damaged.
The wight hits you with a +0 short sword.
The wight misses you.
You shoot a sling bullet. The sling bullet hits the wight.
The wight is severely damaged.
The wight hits you with a +0 falchion. The wight completely misses you.
You shoot a sling bullet.
The sling bullet closely misses the wight.
The wight hits you with a +0 falchion.
The wight hits you with a +0 short sword.
You shoot a sling bullet.
The sling bullet closely misses the wight.
The wight hits you with a +0 short sword.
You die...

#P.....##.#
#......##.#
#.~~~~~##.# ##
#.~~~~.##.# ..
#.~~~~....# .#
#....PP#..###.##
####..##..##...#
##........z.#
#.#...##@z.##..
#..............#
##......~...#.##.
#.....~~~...# #
#......~~~.##
#.....~~~~.#
##....~~~~.#
#.........#
#..!.###.##


You could see 2 wights.

Vanquished Creatures
  A hound zombie (D:3)
  A hound skeleton (D:3)
  A howler monkey skeleton (D:3)
  A howler monkey zombie (D:3)
  3 adders (D:2)
  2 adder zombies (D:3)
  A dart slug (D:3)
  An endoplasm (D:3)
  2 giant cockroaches (D:1)
  2 goblins
  A hobgoblin (D:1)
  2 quokkas
  A ball python (D:1)
  A ball python skeleton (D:3)
  4 bats
  2 jackal skeletons (D:3)
  2 kobolds (D:2)
  A quokka skeleton (D:3)
  A rat (D:1)
30 creatures vanquished.

Notes
Turn   | Place    | Note
-------+----------+-------------------------------------------
     0 | D:1      | qw the Gargoyle Hexslinger began the quest for the Orb.
     0 | D:1      | Reached XP level 1. HP: 12/12 MP: 2/2
     0 | D:1      | 0 ||| qw: Version: 0.3-a-40-ge99b1a8
     0 | D:1      | 0 ||| qw: Game counter: 504
     0 | D:1      | 0 ||| qw: Melee chars always use a shield: true
     0 | D:1      | 0 ||| qw: God list: Okawaru
     0 | D:1      | 0 ||| qw: Allow faded altars: false
     0 | D:1      | 0 ||| qw: Do Orc after clearing Dungeon:15 true
     0 | D:1      | 0 ||| qw: Do second Lair branch before Depths: true
     0 | D:1      | 0 ||| qw: Lair rune preference: random
     0 | D:1      | 0 ||| qw: Goals: Normal
     0 | D:1      | 0 ||| PLANNING D:1-11
   418 | D:1      | Reached XP level 2. HP: 11/16 MP: 3/3
   639 | D:1      | 639 ||| UPGRADING to +0 leather armour.
   649 | D:1      | 649 ||| DROPPING +0 robe.
   650 | D:1      | 650 ||| UPGRADING to +2 cloak of stealth.
   655 | D:1      | 655 ||| DROPPING ring of flight.
   656 | D:1      | 656 ||| DROPPING scroll of poison.
   703 | D:2      | Reached skill level 3 in Ranged Weapons
   712 | D:2      | Reached XP level 3. HP: 21/21 MP: 4/4
   812 | D:2      | You fall into a shaft and drop 1 floor!
   859 | D:3      | Reached XP level 4. HP: 26/26 MP: 5/5
   873 | D:3      | Reached skill level 4 in Ranged Weapons
   951 | D:3      | 951 ||| READING scroll labelled RONKOD UTHIDWETISH.
   952 | D:3      | 952 ||| READING scroll labelled XACLAVE KIAPN.
   953 | D:3      | 953 ||| READING scroll labelled LOYGAPRO WIXTE.
   956 | D:3      | 956 ||| Stepping ~*~*~tactically~*~*~ (water).
   977 | D:3      | 977 ||| Stepping randomly (stuck).
   978 | D:3      | 978 ||| Stepping randomly (stuck).
   979 | D:3      | 979 ||| Stepping randomly (stuck).
   980 | D:3      | 980 ||| Stepping randomly (stuck).
   981 | D:3      | 981 ||| Stepping randomly (stuck).
   982 | D:3      | 982 ||| Stepping randomly (stuck).
   983 | D:3      | 983 ||| Stepping randomly (stuck).
   984 | D:3      | 984 ||| Stepping randomly (stuck).
   985 | D:3      | 985 ||| Stepping randomly (stuck).
   986 | D:3      | 986 ||| Stepping randomly (stuck).
   987 | D:3      | 987 ||| Stepping randomly (stuck).
   988 | D:3      | 988 ||| Stepping randomly (stuck).
   989 | D:3      | 989 ||| Stepping randomly (stuck).
   990 | D:3      | 990 ||| Stepping randomly (stuck).
   991 | D:3      | 991 ||| Stepping randomly (stuck).
   992 | D:3      | 992 ||| Stepping randomly (stuck).
   993 | D:3      | 993 ||| Stepping randomly (stuck).
   994 | D:3      | 994 ||| Stepping randomly (stuck).
   995 | D:3      | 995 ||| Stepping randomly (stuck).
   999 | D:3      | 999 ||| Stepping randomly (stuck).
  1000 | D:3      | 1000 ||| Stepping randomly (stuck).
  1001 | D:3      | 1001 ||| Stepping randomly (stuck).
  1002 | D:3      | 1002 ||| Stepping randomly (stuck).
  1003 | D:3      | 1003 ||| Stepping randomly (stuck).
  1004 | D:3      | 1004 ||| Stepping randomly (stuck).
  1005 | D:3      | 1005 ||| Stepping randomly (stuck).
  1006 | D:3      | 1006 ||| Stepping randomly (stuck).
  1007 | D:3      | 1007 ||| Stepping randomly (stuck).
  1008 | D:3      | 1008 ||| Stepping randomly (stuck).
  1009 | D:3      | 1009 ||| Stepping randomly (stuck).
  1010 | D:3      | 1010 ||| Stepping randomly (stuck).
  1011 | D:3      | 1011 ||| Stepping randomly (stuck).
  1012 | D:3      | 1012 ||| Stepping randomly (stuck).
  1013 | D:3      | 1013 ||| Stepping randomly (stuck).
  1014 | D:3      | 1014 ||| Stepping randomly (stuck).
  1015 | D:3      | 1015 ||| Stepping randomly (stuck).
  1016 | D:3      | 1016 ||| Stepping randomly (stuck).
  1017 | D:3      | 1017 ||| Stepping randomly (stuck).
  1018 | D:3      | 1018 ||| Stepping randomly (stuck).
  1019 | D:3      | 1019 ||| Stepping randomly (stuck).
  1020 | D:3      | 1020 ||| Stepping randomly (stuck).
  1021 | D:3      | 1021 ||| Stepping randomly (stuck).
  1022 | D:3      | 1022 ||| Stepping randomly (stuck).
  1023 | D:3      | 1023 ||| Stepping randomly (stuck).
  1024 | D:3      | 1024 ||| Stepping randomly (stuck).
  1025 | D:3      | 1025 ||| Stepping randomly (stuck).
  1026 | D:3      | 1026 ||| Stepping randomly (stuck).
  1027 | D:3      | 1027 ||| Stepping randomly (stuck).
  1028 | D:3      | 1028 ||| Stepping randomly (stuck).
  1029 | D:3      | 1029 ||| Stepping randomly (stuck).
  1030 | D:3      | 1030 ||| Stepping randomly (stuck).
  1031 | D:3      | 1031 ||| Stepping randomly (stuck).
  1032 | D:3      | 1032 ||| Stepping randomly (stuck).
  1033 | D:3      | 1033 ||| Stepping randomly (stuck).
  1034 | D:3      | 1034 ||| Stepping randomly (stuck).
  1035 | D:3      | 1035 ||| Stepping randomly (stuck).
  1036 | D:3      | 1036 ||| Stepping randomly (stuck).
  1037 | D:3      | 1037 ||| Stepping randomly (stuck).
  1038 | D:3      | 1038 ||| Stepping randomly (stuck).
  1039 | D:3      | 1039 ||| Stepping randomly (stuck).
  1040 | D:3      | 1040 ||| Stepping randomly (stuck).
  1041 | D:3      | 1041 ||| Stepping randomly (stuck).
  1042 | D:3      | 1042 ||| Stepping randomly (stuck).
  1043 | D:3      | 1043 ||| Stepping randomly (stuck).
  1044 | D:3      | 1044 ||| Stepping randomly (stuck).
  1045 | D:3      | 1045 ||| Stepping randomly (stuck).
  1046 | D:3      | 1046 ||| Stepping randomly (stuck).
  1047 | D:3      | 1047 ||| Stepping randomly (stuck).
  1048 | D:3      | 1048 ||| Stepping randomly (stuck).
  1049 | D:3      | 1049 ||| Stepping randomly (stuck).
  1050 | D:3      | 1050 ||| Stepping randomly (stuck).
  1051 | D:3      | 1051 ||| Stepping randomly (stuck).
  1052 | D:3      | 1052 ||| Stepping randomly (stuck).
  1053 | D:3      | 1053 ||| Stepping randomly (stuck).
  1054 | D:3      | 1054 ||| Stepping randomly (stuck).
  1055 | D:3      | 1055 ||| Stepping randomly (stuck).
  1056 | D:3      | 1056 ||| Stepping randomly (stuck).
  1057 | D:3      | 1057 ||| Stepping randomly (stuck).
  1058 | D:3      | 1058 ||| Stepping randomly (stuck).
  1059 | D:3      | 1059 ||| Stepping randomly (stuck).
  1060 | D:3      | 1060 ||| Stepping randomly (stuck).
  1061 | D:3      | 1061 ||| Stepping randomly (stuck).
  1062 | D:3      | 1062 ||| Stepping randomly (stuck).
  1063 | D:3      | 1063 ||| Stepping randomly (stuck).
  1064 | D:3      | 1064 ||| Stepping randomly (stuck).
  1065 | D:3      | 1065 ||| Stepping randomly (stuck).
  1066 | D:3      | 1066 ||| Stepping randomly (stuck).
  1067 | D:3      | 1067 ||| Stepping randomly (stuck).
  1068 | D:3      | 1068 ||| Stepping randomly (stuck).
  1069 | D:3      | 1069 ||| Stepping randomly (stuck).
  1070 | D:3      | 1070 ||| Stepping randomly (stuck).
  1071 | D:3      | 1071 ||| Stepping randomly (stuck).
  1072 | D:3      | 1072 ||| Stepping randomly (stuck).
  1073 | D:3      | 1073 ||| Stepping randomly (stuck).
  1074 | D:3      | 1074 ||| Stepping randomly (stuck).
  1075 | D:3      | 1075 ||| Stepping randomly (stuck).
  1076 | D:3      | 1076 ||| Stepping randomly (stuck).
  1077 | D:3      | 1077 ||| Stepping randomly (stuck).
  1078 | D:3      | 1078 ||| Stepping randomly (stuck).
  1079 | D:3      | 1079 ||| Stepping randomly (stuck).
  1080 | D:3      | 1080 ||| Stepping randomly (stuck).
  1081 | D:3      | 1081 ||| Stepping randomly (stuck).
  1082 | D:3      | 1082 ||| Stepping randomly (stuck).
  1083 | D:3      | 1083 ||| Stepping randomly (stuck).
  1084 | D:3      | 1084 ||| Stepping randomly (stuck).
  1085 | D:3      | 1085 ||| Stepping randomly (stuck).
  1086 | D:3      | 1086 ||| Stepping randomly (stuck).
  1087 | D:3      | 1087 ||| Stepping randomly (stuck).
  1088 | D:3      | 1088 ||| Stepping randomly (stuck).
  1089 | D:3      | 1089 ||| Stepping randomly (stuck).
  1092 | D:3      | 1092 ||| Stepping randomly (stuck).
  1093 | D:3      | 1093 ||| Stepping randomly (stuck).
  1094 | D:3      | 1094 ||| Stepping randomly (stuck).
  1095 | D:3      | 1095 ||| Stepping randomly (stuck).
  1096 | D:3      | 1096 ||| Stepping randomly (stuck).
  1097 | D:3      | 1097 ||| Stepping randomly (stuck).
  1098 | D:3      | 1098 ||| Stepping randomly (stuck).
  1099 | D:3      | 1099 ||| Stepping randomly (stuck).
  1100 | D:3      | 1100 ||| Stepping randomly (stuck).
  1101 | D:3      | 1101 ||| Stepping randomly (stuck).
  1102 | D:3      | 1102 ||| Stepping randomly (stuck).
  1103 | D:3      | 1103 ||| Stepping randomly (stuck).
  1104 | D:3      | 1104 ||| Stepping randomly (stuck).
  1105 | D:3      | 1105 ||| Stepping randomly (stuck).
  1106 | D:3      | 1106 ||| Stepping randomly (stuck).
  1107 | D:3      | 1107 ||| Stepping randomly (stuck).
  1108 | D:3      | 1108 ||| Stepping randomly (stuck).
  1109 | D:3      | 1109 ||| Stepping randomly (stuck).
  1110 | D:3      | 1110 ||| Stepping randomly (stuck).
  1111 | D:3      | 1111 ||| Stepping randomly (stuck).
  1112 | D:3      | 1112 ||| Stepping randomly (stuck).
  1113 | D:3      | 1113 ||| Stepping randomly (stuck).
  1114 | D:3      | 1114 ||| Stepping randomly (stuck).
  1115 | D:3      | 1115 ||| Stepping randomly (stuck).
  1116 | D:3      | 1116 ||| Stepping randomly (stuck).
  1117 | D:3      | 1117 ||| Stepping randomly (stuck).
  1118 | D:3      | 1118 ||| Stepping randomly (stuck).
  1119 | D:3      | 1119 ||| Stepping randomly (stuck).
  1120 | D:3      | 1120 ||| Stepping randomly (stuck).
  1121 | D:3      | 1121 ||| Stepping randomly (stuck).
  1122 | D:3      | 1122 ||| Stepping randomly (stuck).
  1123 | D:3      | 1123 ||| Stepping randomly (stuck).
  1124 | D:3      | 1124 ||| Stepping randomly (stuck).
  1125 | D:3      | 1125 ||| Stepping randomly (stuck).
  1126 | D:3      | 1126 ||| Stepping randomly (stuck).
  1127 | D:3      | 1127 ||| Stepping randomly (stuck).
  1128 | D:3      | 1128 ||| Stepping randomly (stuck).
  1129 | D:3      | 1129 ||| Stepping randomly (stuck).
  1130 | D:3      | 1130 ||| Stepping randomly (stuck).
  1131 | D:3      | 1131 ||| Stepping randomly (stuck).
  1132 | D:3      | 1132 ||| Stepping randomly (stuck).
  1133 | D:3      | 1133 ||| Stepping randomly (stuck).
  1134 | D:3      | 1134 ||| Stepping randomly (stuck).
  1135 | D:3      | 1135 ||| Stepping randomly (stuck).
  1136 | D:3      | 1136 ||| Stepping randomly (stuck).
  1137 | D:3      | 1137 ||| Stepping randomly (stuck).
  1138 | D:3      | 1138 ||| Stepping randomly (stuck).
  1139 | D:3      | 1139 ||| Stepping randomly (stuck).
  1140 | D:3      | 1140 ||| Stepping randomly (stuck).
  1141 | D:3      | 1141 ||| Stepping randomly (stuck).
  1142 | D:3      | 1142 ||| Stepping randomly (stuck).
  1143 | D:3      | 1143 ||| Stepping randomly (stuck).
  1144 | D:3      | 1144 ||| Stepping randomly (stuck).
  1145 | D:3      | 1145 ||| Stepping randomly (stuck).
  1146 | D:3      | 1146 ||| Stepping randomly (stuck).
  1147 | D:3      | 1147 ||| Stepping randomly (stuck).
  1148 | D:3      | 1148 ||| Stepping randomly (stuck).
  1149 | D:3      | 1149 ||| Stepping randomly (stuck).
  1150 | D:3      | 1150 ||| Stepping randomly (stuck).
  1151 | D:3      | 1151 ||| Stepping randomly (stuck).
  1152 | D:3      | 1152 ||| Stepping randomly (stuck).
  1153 | D:3      | 1153 ||| Stepping randomly (stuck).
  1154 | D:3      | 1154 ||| Stepping randomly (stuck).
  1155 | D:3      | 1155 ||| Stepping randomly (stuck).
  1156 | D:3      | 1156 ||| Stepping randomly (stuck).
  1157 | D:3      | 1157 ||| Stepping randomly (stuck).
  1158 | D:3      | 1158 ||| Stepping randomly (stuck).
  1159 | D:3      | 1159 ||| Stepping randomly (stuck).
  1160 | D:3      | 1160 ||| Stepping randomly (stuck).
  1161 | D:3      | 1161 ||| Stepping randomly (stuck).
  1162 | D:3      | 1162 ||| Stepping randomly (stuck).
  1163 | D:3      | 1163 ||| Stepping randomly (stuck).
  1164 | D:3      | 1164 ||| Stepping randomly (stuck).
  1165 | D:3      | 1165 ||| Stepping randomly (stuck).
  1166 | D:3      | 1166 ||| Stepping randomly (stuck).
  1167 | D:3      | 1167 ||| Stepping randomly (stuck).
  1168 | D:3      | 1168 ||| Stepping randomly (stuck).
  1169 | D:3      | 1169 ||| Stepping randomly (stuck).
  1170 | D:3      | 1170 ||| Stepping randomly (stuck).
  1171 | D:3      | 1171 ||| Stepping randomly (stuck).
  1172 | D:3      | 1172 ||| Stepping randomly (stuck).
  1173 | D:3      | 1173 ||| Stepping randomly (stuck).
  1174 | D:3      | 1174 ||| Stepping randomly (stuck).
  1175 | D:3      | 1175 ||| Stepping randomly (stuck).
  1176 | D:3      | 1176 ||| Stepping randomly (stuck).
  1177 | D:3      | 1177 ||| Stepping randomly (stuck).
  1178 | D:3      | 1178 ||| Stepping randomly (stuck).
  1179 | D:3      | 1179 ||| Stepping randomly (stuck).
  1180 | D:3      | 1180 ||| Stepping randomly (stuck).
  1181 | D:3      | 1181 ||| Stepping randomly (stuck).
  1182 | D:3      | 1182 ||| Stepping randomly (stuck).
  1183 | D:3      | 1183 ||| Stepping randomly (stuck).
  1184 | D:3      | 1184 ||| Stepping randomly (stuck).
  1185 | D:3      | 1185 ||| Stepping randomly (stuck).
  1186 | D:3      | 1186 ||| Stepping randomly (stuck).
  1187 | D:3      | 1187 ||| Stepping randomly (stuck).
  1188 | D:3      | 1188 ||| Stepping randomly (stuck).
  1189 | D:3      | 1189 ||| Stepping randomly (stuck).
  1190 | D:3      | 1190 ||| Stepping randomly (stuck).
  1191 | D:3      | 1191 ||| Stepping randomly (stuck).
  1192 | D:3      | 1192 ||| Stepping randomly (stuck).
  1193 | D:3      | 1193 ||| Stepping randomly (stuck).
  1194 | D:3      | 1194 ||| Stepping randomly (stuck).
  1195 | D:3      | 1195 ||| Stepping randomly (stuck).
  1196 | D:3      | 1196 ||| Stepping randomly (stuck).
  1197 | D:3      | 1197 ||| Stepping randomly (stuck).
  1198 | D:3      | 1198 ||| Stepping randomly (stuck).
  1199 | D:3      | 1199 ||| Stepping randomly (stuck).
  1199 | D:3      | Found Daimeab's Assorted Antiques.
  1200 | D:3      | 1200 ||| Stepping randomly (stuck).
  1201 | D:3      | 1201 ||| Stepping randomly (stuck).
  1204 | D:3      | 1204 ||| Stepping randomly (stuck).
  1208 | D:3      | 1208 ||| Stepping randomly (stuck).
  1209 | D:3      | 1209 ||| Stepping randomly (stuck).
  1210 | D:3      | 1210 ||| Stepping randomly (stuck).
  1211 | D:3      | 1211 ||| Stepping randomly (stuck).
  1212 | D:3      | 1212 ||| Stepping randomly (stuck).
  1213 | D:3      | 1213 ||| Stepping randomly (stuck).
  1214 | D:3      | 1214 ||| Stepping randomly (stuck).
  1215 | D:3      | 1215 ||| Stepping randomly (stuck).
  1216 | D:3      | 1216 ||| Stepping randomly (stuck).
  1217 | D:3      | 1217 ||| Stepping randomly (stuck).
  1218 | D:3      | 1218 ||| Stepping randomly (stuck).
  1219 | D:3      | 1219 ||| Stepping randomly (stuck).
  1220 | D:3      | 1220 ||| Stepping randomly (stuck).
  1221 | D:3      | 1221 ||| Stepping randomly (stuck).
  1222 | D:3      | 1222 ||| Stepping randomly (stuck).
  1223 | D:3      | 1223 ||| Stepping randomly (stuck).
  1224 | D:3      | 1224 ||| Stepping randomly (stuck).
  1225 | D:3      | 1225 ||| Stepping randomly (stuck).
  1226 | D:3      | 1226 ||| Stepping randomly (stuck).
  1227 | D:3      | 1227 ||| Stepping randomly (stuck).
  1228 | D:3      | 1228 ||| Stepping randomly (stuck).
  1229 | D:3      | 1229 ||| Stepping randomly (stuck).
  1230 | D:3      | 1230 ||| Stepping randomly (stuck).
  1231 | D:3      | 1231 ||| Stepping randomly (stuck).
  1232 | D:3      | 1232 ||| Stepping randomly (stuck).
  1233 | D:3      | 1233 ||| Stepping randomly (stuck).
  1234 | D:3      | 1234 ||| Stepping randomly (stuck).
  1235 | D:3      | 1235 ||| Stepping randomly (stuck).
  1236 | D:3      | 1236 ||| Stepping randomly (stuck).
  1237 | D:3      | 1237 ||| Stepping randomly (stuck).
  1238 | D:3      | 1238 ||| Stepping randomly (stuck).
  1239 | D:3      | 1239 ||| Stepping randomly (stuck).
  1240 | D:3      | 1240 ||| Stepping randomly (stuck).
  1241 | D:3      | 1241 ||| Stepping randomly (stuck).
  1242 | D:3      | 1242 ||| Stepping randomly (stuck).
  1243 | D:3      | 1243 ||| Stepping randomly (stuck).
  1244 | D:3      | 1244 ||| Stepping randomly (stuck).
  1245 | D:3      | 1245 ||| Stepping randomly (stuck).
  1246 | D:3      | 1246 ||| Stepping randomly (stuck).
  1247 | D:3      | 1247 ||| Stepping randomly (stuck).
  1248 | D:3      | 1248 ||| Stepping randomly (stuck).
  1249 | D:3      | 1249 ||| Stepping randomly (stuck).
  1250 | D:3      | 1250 ||| Stepping randomly (stuck).
  1251 | D:3      | 1251 ||| Stepping randomly (stuck).
  1252 | D:3      | 1252 ||| Stepping randomly (stuck).
  1253 | D:3      | 1253 ||| Stepping randomly (stuck).
  1254 | D:3      | 1254 ||| Stepping randomly (stuck).
  1255 | D:3      | 1255 ||| Stepping randomly (stuck).
  1256 | D:3      | 1256 ||| Stepping randomly (stuck).
  1257 | D:3      | 1257 ||| Stepping randomly (stuck).
  1258 | D:3      | 1258 ||| Stepping randomly (stuck).
  1259 | D:3      | 1259 ||| Stepping randomly (stuck).
  1260 | D:3      | 1260 ||| Stepping randomly (stuck).
  1261 | D:3      | 1261 ||| Stepping randomly (stuck).
  1262 | D:3      | 1262 ||| Stepping randomly (stuck).
  1263 | D:3      | 1263 ||| Stepping randomly (stuck).
  1264 | D:3      | 1264 ||| Stepping randomly (stuck).
  1265 | D:3      | 1265 ||| Stepping randomly (stuck).
  1266 | D:3      | 1266 ||| Stepping randomly (stuck).
  1267 | D:3      | 1267 ||| Stepping randomly (stuck).
  1268 | D:3      | 1268 ||| Stepping randomly (stuck).
  1269 | D:3      | 1269 ||| Stepping randomly (stuck).
  1270 | D:3      | 1270 ||| Stepping randomly (stuck).
  1271 | D:3      | 1271 ||| Stepping randomly (stuck).
  1272 | D:3      | 1272 ||| Stepping randomly (stuck).
  1273 | D:3      | 1273 ||| Stepping randomly (stuck).
  1274 | D:3      | 1274 ||| Stepping randomly (stuck).
  1275 | D:3      | 1275 ||| Stepping randomly (stuck).
  1276 | D:3      | 1276 ||| Stepping randomly (stuck).
  1277 | D:3      | 1277 ||| Stepping randomly (stuck).
  1278 | D:3      | 1278 ||| Stepping randomly (stuck).
  1279 | D:3      | 1279 ||| Stepping randomly (stuck).
  1280 | D:3      | 1280 ||| Stepping randomly (stuck).
  1281 | D:3      | 1281 ||| Stepping randomly (stuck).
  1282 | D:3      | 1282 ||| Stepping randomly (stuck).
  1283 | D:3      | 1283 ||| Stepping randomly (stuck).
  1284 | D:3      | 1284 ||| Stepping randomly (stuck).
  1285 | D:3      | 1285 ||| Stepping randomly (stuck).
  1286 | D:3      | 1286 ||| Stepping randomly (stuck).
  1287 | D:3      | 1287 ||| Stepping randomly (stuck).
  1288 | D:3      | 1288 ||| Stepping randomly (stuck).
  1289 | D:3      | 1289 ||| Stepping randomly (stuck).
  1290 | D:3      | 1290 ||| Stepping randomly (stuck).
  1291 | D:3      | 1291 ||| Stepping randomly (stuck).
  1292 | D:3      | 1292 ||| Stepping randomly (stuck).
  1293 | D:3      | 1293 ||| Stepping randomly (stuck).
  1294 | D:3      | 1294 ||| Stepping randomly (stuck).
  1295 | D:3      | 1295 ||| Stepping randomly (stuck).
  1296 | D:3      | 1296 ||| Stepping randomly (stuck).
  1297 | D:3      | 1297 ||| Stepping randomly (stuck).
  1298 | D:3      | 1298 ||| Stepping randomly (stuck).
  1299 | D:3      | 1299 ||| Stepping randomly (stuck).
  1300 | D:3      | 1300 ||| Stepping randomly (stuck).
  1301 | D:3      | 1301 ||| Stepping randomly (stuck).
  1302 | D:3      | 1302 ||| Stepping randomly (stuck).
  1303 | D:3      | 1303 ||| Stepping randomly (stuck).
  1304 | D:3      | 1304 ||| Stepping randomly (stuck).
  1305 | D:3      | 1305 ||| Stepping randomly (stuck).
  1306 | D:3      | 1306 ||| Stepping randomly (stuck).
  1307 | D:3      | 1307 ||| Stepping randomly (stuck).
  1308 | D:3      | 1308 ||| Stepping randomly (stuck).
  1309 | D:3      | 1309 ||| Stepping randomly (stuck).
  1310 | D:3      | 1310 ||| Stepping randomly (stuck).
  1311 | D:3      | 1311 ||| Stepping randomly (stuck).
  1312 | D:3      | 1312 ||| Stepping randomly (stuck).
  1313 | D:3      | 1313 ||| Stepping randomly (stuck).
  1314 | D:3      | 1314 ||| Stepping randomly (stuck).
  1315 | D:3      | 1315 ||| Stepping randomly (stuck).
  1316 | D:3      | 1316 ||| Stepping randomly (stuck).
  1317 | D:3      | 1317 ||| Stepping randomly (stuck).
  1318 | D:3      | 1318 ||| Stepping randomly (stuck).
  1319 | D:3      | 1319 ||| Stepping randomly (stuck).
  1320 | D:3      | 1320 ||| Stepping randomly (stuck).
  1321 | D:3      | 1321 ||| Stepping randomly (stuck).
  1322 | D:3      | 1322 ||| Stepping randomly (stuck).
  1323 | D:3      | 1323 ||| Stepping randomly (stuck).
  1324 | D:3      | 1324 ||| Stepping randomly (stuck).
  1325 | D:3      | 1325 ||| Stepping randomly (stuck).
  1326 | D:3      | 1326 ||| Stepping randomly (stuck).
  1327 | D:3      | 1327 ||| Stepping randomly (stuck).
  1328 | D:3      | 1328 ||| Stepping randomly (stuck).
  1329 | D:3      | 1329 ||| Stepping randomly (stuck).
  1330 | D:3      | 1330 ||| Stepping randomly (stuck).
  1331 | D:3      | 1331 ||| Stepping randomly (stuck).
  1332 | D:3      | 1332 ||| Stepping randomly (stuck).
  1333 | D:3      | 1333 ||| Stepping randomly (stuck).
  1334 | D:3      | 1334 ||| Stepping randomly (stuck).
  1335 | D:3      | 1335 ||| Stepping randomly (stuck).
  1336 | D:3      | 1336 ||| Stepping randomly (stuck).
  1337 | D:3      | 1337 ||| Stepping randomly (stuck).
  1338 | D:3      | 1338 ||| Stepping randomly (stuck).
  1339 | D:3      | 1339 ||| Stepping randomly (stuck).
  1340 | D:3      | 1340 ||| Stepping randomly (stuck).
  1341 | D:3      | 1341 ||| Stepping randomly (stuck).
  1342 | D:3      | 1342 ||| Stepping randomly (stuck).
  1343 | D:3      | 1343 ||| Stepping randomly (stuck).
  1344 | D:3      | 1344 ||| Stepping randomly (stuck).
  1345 | D:3      | 1345 ||| Stepping randomly (stuck).
  1346 | D:3      | 1346 ||| Stepping randomly (stuck).
  1347 | D:3      | 1347 ||| Stepping randomly (stuck).
  1348 | D:3      | 1348 ||| Stepping randomly (stuck).
  1349 | D:3      | 1349 ||| Stepping randomly (stuck).
  1350 | D:3      | 1350 ||| Stepping randomly (stuck).
  1351 | D:3      | 1351 ||| Stepping randomly (stuck).
  1352 | D:3      | 1352 ||| Stepping randomly (stuck).
  1353 | D:3      | 1353 ||| Stepping randomly (stuck).
  1354 | D:3      | 1354 ||| Stepping randomly (stuck).
  1355 | D:3      | 1355 ||| Stepping randomly (stuck).
  1356 | D:3      | 1356 ||| Stepping randomly (stuck).
  1357 | D:3      | 1357 ||| Stepping randomly (stuck).
  1358 | D:3      | 1358 ||| Stepping randomly (stuck).
  1359 | D:3      | 1359 ||| Stepping randomly (stuck).
  1360 | D:3      | 1360 ||| Stepping randomly (stuck).
  1361 | D:3      | 1361 ||| Stepping randomly (stuck).
  1362 | D:3      | 1362 ||| Stepping randomly (stuck).
  1363 | D:3      | 1363 ||| Stepping randomly (stuck).
  1364 | D:3      | 1364 ||| Stepping randomly (stuck).
  1365 | D:3      | 1365 ||| Stepping randomly (stuck).
  1366 | D:3      | 1366 ||| Stepping randomly (stuck).
  1367 | D:3      | 1367 ||| Stepping randomly (stuck).
  1368 | D:3      | 1368 ||| Stepping randomly (stuck).
  1369 | D:3      | 1369 ||| Stepping randomly (stuck).
  1370 | D:3      | 1370 ||| Stepping randomly (stuck).
  1371 | D:3      | 1371 ||| Stepping randomly (stuck).
  1372 | D:3      | 1372 ||| Stepping randomly (stuck).
  1373 | D:3      | 1373 ||| Stepping randomly (stuck).
  1374 | D:3      | 1374 ||| Stepping randomly (stuck).
  1375 | D:3      | 1375 ||| Stepping randomly (stuck).
  1376 | D:3      | 1376 ||| Stepping randomly (stuck).
  1377 | D:3      | 1377 ||| Stepping randomly (stuck).
  1378 | D:3      | 1378 ||| Stepping randomly (stuck).
  1379 | D:3      | 1379 ||| Stepping randomly (stuck).
  1380 | D:3      | 1380 ||| Stepping randomly (stuck).
  1381 | D:3      | 1381 ||| Stepping randomly (stuck).
  1382 | D:3      | 1382 ||| Stepping randomly (stuck).
  1383 | D:3      | 1383 ||| Stepping randomly (stuck).
  1384 | D:3      | 1384 ||| Stepping randomly (stuck).
  1385 | D:3      | 1385 ||| Stepping randomly (stuck).
  1386 | D:3      | 1386 ||| Stepping randomly (stuck).
  1387 | D:3      | 1387 ||| Stepping randomly (stuck).
  1388 | D:3      | 1388 ||| Stepping randomly (stuck).
  1389 | D:3      | 1389 ||| Stepping randomly (stuck).
  1390 | D:3      | 1390 ||| Stepping randomly (stuck).
  1391 | D:3      | 1391 ||| Stepping randomly (stuck).
  1392 | D:3      | 1392 ||| Stepping randomly (stuck).
  1393 | D:3      | 1393 ||| Stepping randomly (stuck).
  1408 | D:3      | 1408 ||| Stepping randomly (stuck).
  1409 | D:3      | 1409 ||| Stepping randomly (stuck).
  1410 | D:3      | 1410 ||| Stepping randomly (stuck).
  1411 | D:3      | 1411 ||| Stepping randomly (stuck).
  1412 | D:3      | 1412 ||| Stepping randomly (stuck).
  1413 | D:3      | 1413 ||| Stepping randomly (stuck).
  1415 | D:3      | 1415 ||| Stepping randomly (stuck).
  1416 | D:3      | 1416 ||| Stepping randomly (stuck).
  1417 | D:3      | 1417 ||| Stepping randomly (stuck).
  1418 | D:3      | 1418 ||| Stepping randomly (stuck).
  1419 | D:3      | 1419 ||| Stepping randomly (stuck).
  1420 | D:3      | 1420 ||| Stepping randomly (stuck).
  1421 | D:3      | 1421 ||| Stepping randomly (stuck).
  1422 | D:3      | 1422 ||| Stepping randomly (stuck).
  1423 | D:3      | 1423 ||| Stepping randomly (stuck).
  1424 | D:3      | 1424 ||| Stepping randomly (stuck).
  1425 | D:3      | 1425 ||| Stepping randomly (stuck).
  1426 | D:3      | 1426 ||| Stepping randomly (stuck).
  1427 | D:3      | 1427 ||| Stepping randomly (stuck).
  1428 | D:3      | 1428 ||| Stepping randomly (stuck).
  1429 | D:3      | 1429 ||| Stepping randomly (stuck).
  1430 | D:3      | 1430 ||| Stepping randomly (stuck).
  1431 | D:3      | 1431 ||| Stepping randomly (stuck).
  1432 | D:3      | 1432 ||| Stepping randomly (stuck).
  1433 | D:3      | 1433 ||| Stepping randomly (stuck).
  1434 | D:3      | 1434 ||| Stepping randomly (stuck).
  1435 | D:3      | 1435 ||| Stepping randomly (stuck).
  1436 | D:3      | 1436 ||| Stepping randomly (stuck).
  1437 | D:3      | 1437 ||| Stepping randomly (stuck).
  1438 | D:3      | 1438 ||| Stepping randomly (stuck).
  1439 | D:3      | 1439 ||| Stepping randomly (stuck).
  1440 | D:3      | 1440 ||| Stepping randomly (stuck).
  1441 | D:3      | 1441 ||| Stepping randomly (stuck).
  1442 | D:3      | 1442 ||| Stepping randomly (stuck).
  1443 | D:3      | 1443 ||| Stepping randomly (stuck).
  1444 | D:3      | 1444 ||| Stepping randomly (stuck).
  1445 | D:3      | 1445 ||| Stepping randomly (stuck).
  1446 | D:3      | 1446 ||| Stepping randomly (stuck).
  1447 | D:3      | 1447 ||| Stepping randomly (stuck).
  1448 | D:3      | 1448 ||| Stepping randomly (stuck).
  1449 | D:3      | 1449 ||| Stepping randomly (stuck).
  1450 | D:3      | 1450 ||| Stepping randomly (stuck).
  1451 | D:3      | 1451 ||| Stepping randomly (stuck).
  1452 | D:3      | 1452 ||| Stepping randomly (stuck).
  1453 | D:3      | 1453 ||| Stepping randomly (stuck).
  1454 | D:3      | 1454 ||| Stepping randomly (stuck).
  1455 | D:3      | 1455 ||| Stepping randomly (stuck).
  1456 | D:3      | 1456 ||| Stepping randomly (stuck).
  1457 | D:3      | 1457 ||| Stepping randomly (stuck).
  1458 | D:3      | 1458 ||| Stepping randomly (stuck).
  1459 | D:3      | 1459 ||| Stepping randomly (stuck).
  1460 | D:3      | 1460 ||| Stepping randomly (stuck).
  1461 | D:3      | 1461 ||| Stepping randomly (stuck).
  1462 | D:3      | 1462 ||| Stepping randomly (stuck).
  1463 | D:3      | 1463 ||| Stepping randomly (stuck).
  1464 | D:3      | 1464 ||| Stepping randomly (stuck).
  1465 | D:3      | 1465 ||| Stepping randomly (stuck).
  1466 | D:3      | 1466 ||| Stepping randomly (stuck).
  1467 | D:3      | 1467 ||| Stepping randomly (stuck).
  1468 | D:3      | 1468 ||| Stepping randomly (stuck).
  1469 | D:3      | 1469 ||| Stepping randomly (stuck).
  1470 | D:3      | 1470 ||| Stepping randomly (stuck).
  1471 | D:3      | 1471 ||| Stepping randomly (stuck).
  1472 | D:3      | 1472 ||| Stepping randomly (stuck).
  1473 | D:3      | 1473 ||| Stepping randomly (stuck).
  1474 | D:3      | 1474 ||| Stepping randomly (stuck).
  1475 | D:3      | 1475 ||| Stepping randomly (stuck).
  1476 | D:3      | 1476 ||| Stepping randomly (stuck).
  1477 | D:3      | 1477 ||| Stepping randomly (stuck).
  1478 | D:3      | 1478 ||| Stepping randomly (stuck).
  1479 | D:3      | 1479 ||| Stepping randomly (stuck).
  1480 | D:3      | 1480 ||| Stepping randomly (stuck).
  1481 | D:3      | 1481 ||| Stepping randomly (stuck).
  1482 | D:3      | 1482 ||| Stepping randomly (stuck).
  1483 | D:3      | 1483 ||| Stepping randomly (stuck).
  1484 | D:3      | 1484 ||| Stepping randomly (stuck).
  1485 | D:3      | 1485 ||| Stepping randomly (stuck).
  1496 | D:3      | HP: 6/26 [wight/+0 short sword (5)]
  1497 | D:3      | Slain by a wight

Levels and vault maps discovered:
D:1:      eino_arrival_cavern_c, layout_loops_ring, serial_park_tiny_pond
D:2:      layout_loops_corners, nrook_loot_triangle
D:3:      layout_loops_ring, serial_undead, serial_undead_f, serial_undead_f,
          serial_undead_d, serial_undead_e, serial_undead_d, serial_undead_f,
          serial_shops, shop

Skill      XL: |  1  2  3  4 |
---------------+-------------+-----
Ranged Weapons | 3 4 |  4.5
Fighting       | 2 |  2.3
Dodging        | |  1.5
Spellcasting   | |  1.0
Hexes          | |  2.6

Action                     |  1- 3 |  4- 6 || total
---------------------------+-------+-------++-------
   Fire: Sling             |    85 |    69 ||   154
    Use: Scroll            |       |     3 ||     3
 Armour: Robe              |     9 |       ||     9
         Leather armour    |    26 |    26 ||    52
  Dodge: Dodged            |    39 |    22 ||    61

Table legend:
 A = Non-vault XP
 B = Vault XP
 C = Vault XP percentage of total XP
 D = Non-vault monster count
 E = Vault monster count
 F = Vault count percentage of total count
                 A         B        C        D         E       F
            +---------+---------+-------+---------+---------+-------
      Total |      72 |      87 |  54.7 |      20 |      10 |  33.3
            +---------+---------+-------+---------+---------+-------
        D:1 |      13 |       0 |   0.0 |       8 |       0 |   0.0
        D:2 |      48 |       0 |   0.0 |       7 |       0 |   0.0
        D:3 |      11 |      87 |  88.8 |       5 |      10 |  66.7
            +---------+---------+-------+---------+---------+-------
